 Dungeon Crawl Stone Soup version 0.18-a0-1481-g708b138 (webtiles) character file.

13846 Bnni the Spear-Bearer (level 11, -3/92 HPs)
             Began as a Demonspawn Gladiator on Feb 24, 2016.
             Was an Elder of Yredelemnul.
             Slain by a hill giant
             ... wielding a +0 giant club
              (34 damage)
             ... on level 12 of the Dungeon on Mar 2, 2016.
             The game lasted 00:47:23 (13180 turns).

Bnni the Spear-Bearer (Demonspawn Gladiator)       Turns: 13180, Time: 00:47:23

Health: -3/92      AC:  6    Str: 18    XL:     11   Next: 80%
Magic:  18/18      EV: 12    Int:  8    God:    Yredelemnul [****..]
Gold:   586        SH:  6    Dex: 14    Spells: 0 memorised, 10 levels left

rFire  . . .     SeeInvis .     q - +0 demon trident (drain)
rCold  + . .     Gourm    .     D - +1 leather armour {rC+}
rNeg   . . .     Faith    +     s - +1 buckler
rPois  +         Spirit   .     (helmet restricted)
rElec  .         Dismiss  .     A - +0 cloak
rCorr  .         Reflect  .     (no gloves)
SustAt .         Harm     .     (no boots)
MR     .....                    e - amulet of faith
Stlth  +.........               F - ring of poison resistance
                                b - -2 ring of intelligence

@: injury mirror, not resistant to hostile enchantments, very unstealthy
A: horns 2, rugged brown scales 1, spiny 2
a: Recall Undead Slaves, Injury Mirror, Animate Dead, Drain Life, Renounce
Religion


You were on level 12 of the Dungeon.
You worshipped Yredelemnul.
Yredelemnul was greatly pleased with you.
You were not hungry.

You visited 2 branches of the dungeon, and saw 13 of its levels.

You collected 586 gold pieces.

Inventory:

Hand Weapons
 k - a +4 trident
 q - a +0 demon trident of draining (weapon)
 r - a +0 blowgun
 y - a +0 bardiche
Missiles
 a - 3 poisoned needles
 d - 11 javelins
 I - 9 curare-tipped needles
 L - 6 needles of paralysis
 O - a throwing net (quivered)
Armour
 s - a +1 buckler (worn)
 A - a +0 cloak (worn)
 D - a +1 leather armour of cold resistance (worn)
Jewellery
 b - a -2 ring of intelligence (left hand)
 e - an amulet of faith (around neck)
 i - an uncursed ring of ice
 o - an uncursed amulet of dismissal
 x - an uncursed ring of positive energy
 F - a ring of poison resistance (right hand)
Wands
 t - a wand of iceblast (12/15)
 H - a wand of flame (21/48)
Scrolls
 g - 7 scrolls of identify
 h - a scroll of enchant weapon
 j - 3 scrolls of enchant armour
 m - a scroll of recharging
 n - 2 scrolls of amnesia
 B - 2 scrolls of teleportation
 G - 3 scrolls of remove curse
 J - a scroll of immolation
 K - a scroll of noise
Potions
 c - 2 potions of mutation {unknown}
 l - a potion of lignification
 u - 2 potions of curing
 v - 2 potions of magic {unknown}
 z - a potion of haste {unknown}
 M - 2 potions of flight {unknown}
Comestibles
 f - 6 bread rations
 p - 4 chunks of flesh
 C - 4 meat rations
 E - 18 fruits
 P - a beef jerky


   Skills:
 + Level 10.0 Fighting
 * Level 12.4 Polearms
 - Level 1.7 Throwing
 - Level 2.6 Dodging
 - Level 5.3 Shields
 + Level 9.9 Invocations


You had 10 spell levels left.
You didn't know any spells.

Dungeon Overview and Level Annotations

Branches:
Dungeon (12/15)            Temple (1/1) D:6            Lair (0/8) D:9
    Orc (0/2) D:11

Altars:
Ashenzari
Cheibriados
Dithmenos
Elyvilon
Fedhas
Gozag
Kikubaaqudgha
Makhleb
Nemelex Xobeh
Okawaru
Pakellas
Qazlal
Ru
Sif Muna
Trog
Vehumet
Xom
Yredelemnul
The Shining One
Beogh

Shops:
D:9 [   D:10 !


Innate Abilities, Weirdness & Mutations

You have a pair of horns on your head.
You are partially covered in rugged brown scales (AC +1, +3% HP).
You are mostly covered in sharp spines.


Message History

Yredelemnul accepts your kill.
You can now drain ambient lifeforce.
You hit the hill giant but do no damage.
You drain the hill giant! You headbutt the hill giant.
The hill giant is lightly wounded.
You puncture the hill giant!
The hill giant is moderately wounded.
The hill giant hits you with a giant club!!
* * * LOW HITPOINT WARNING * * *
Unknown command.
You offer yourself to Yredelemnul, and are filled with unholy energy.
You block the hill giant's attack.
Unknown command.
Drink which item? (? for menu, Esc to quit)
You feel much better.
You puncture the hill giant!
The hill giant is heavily wounded.
The hill giant is struck by your spines.
The hill giant hits you with a giant club!!
You die...
Your body rises from the dead as a mindless zombie.

#......# #...#
#......#####...# ##
#..............# ...#
#......#####...##
.....####......#
#....####
........####.###
####....###
.........###...#
####...#
..........####.#######
###.<
...........uC@........
##.
..........####..######
###. ..........#
...... .......
..........# #......#
>..#### ##......C##
#........ .
#.........# #......###
#.........# ####.#.#
#.........# .#..
#..........


You could see a red ugly thing and a hill giant.

Vanquished Creatures
  A slime creature (D:12)
  Fannar (D:10)
  Erica (D:10)
  Urug (D:10)
  Sonja (D:10)
  A hill giant (D:11)
  An ugly thing (D:11)
  A gargoyle (D:12)
  A komodo dragon (D:9)
  2 trolls (D:9)
  A two-headed ogre (D:10)
  A wyvern (D:8)
  Eustachio (D:5)
  8 yaks (D:11)
  Grum (D:10)
  A hungry ghost (D:12)
  A steam dragon (D:8)
  A hippogriff (D:12)
  3 wolves (D:10)
  Purgy (D:3)
  2 sky beasts
  4 orc warriors
  An eye of draining (D:10)
  9 ice beasts
  A black bear (D:12)
  A phantom (D:7)
  An ogre (D:9)
  A crocodile (D:10)
  4 centaurs
  3 big kobolds
  2 giant frogs
  2 scorpions
  6 killer bees (D:7)
  5 howler monkeys
  4 crimson imps
  A giant frog zombie (D:9)
  A wasp zombie (D:11)
  A giant frog skeleton (D:6)
  6 hounds
  6 orc priests
  4 jellies
  2 centaur skeletons
  2 iguanas
  3 orc wizards
  Terence (D:3)
  6 worker ants
  2 worker ant zombies
  8 gnolls
  11 adders
  A river rat (D:3)
  2 shadow imps
  An ooze (D:7)
  An adder skeleton (D:6)
  An adder zombie (D:10)
  4 worms (D:2)
  2 dart slugs
  8 giant geckos
  53 orcs
  3 bats (D:1)
  6 giant cockroaches
  8 goblins
  12 hobgoblins
  14 jackals
  3 quokkas
  4 ball pythons
  4 giant newts
  18 kobolds
  12 rats
287 creatures vanquished.

Vanquished Creatures (collateral kills)
  A hydra (D:11)
  A hill giant (D:11)
  A manticore (D:11)
  A two-headed ogre (D:9)
  2 yaks (D:11)
  A water moccasin (D:9)
  An orc warrior (D:10)
  An ogre (D:9)
  2 hounds
  A howler monkey skeleton (D:9)
  A shadow imp (D:10)
  5 orcs
18 creatures vanquished.

Vanquished Creatures (others)
  A hill giant zombie (D:11)
  A human zombie (D:10)
  A komodo dragon zombie (D:9)
  2 yak zombies (D:11)
  An ogre zombie (D:9)
  9 orc zombies
  4 plants (D:9)
19 creatures vanquished.

Grand Total: 324 creatures vanquished

Notes
Turn   | Place    | Note
--------------------------------------------------------------
     0 | D:1      | Bnni the Demonspawn Gladiator began the quest for the Orb.
     0 | D:1      | Reached XP level 1. HP: 16/16 MP: 1/1
    29 | D:1      | Reached skill level 3 in Polearms
    37 | D:1      | Gained mutation: You are partially covered in rugged brown scales (AC +1, +3% HP). [demonic ancestry]
    37 | D:1      | Reached XP level 2. HP: 6/22 MP: 2/2
  1201 | D:1      | Reached XP level 3. HP: 20/27 MP: 3/3
  1851 | D:2      | Reached skill level 4 in Polearms
  2115 | D:2      | Gained mutation: You have a pair of small horns on your head. [demonic ancestry]
  2115 | D:2      | Reached XP level 4. HP: 35/35 MP: 4/4
  2138 | D:2      | Found a snail-covered altar of Cheibriados.
  2774 | D:3      | Noticed Purgy
  3227 | D:3      | Reached skill level 1 in Shields
  3295 | D:3      | Reached XP level 5. HP: 4/42 MP: 5/5
  3570 | D:3      | HP: 2/42 [gnoll/spear (5)]
  3748 | D:3      | Killed Purgy
  3748 | D:3      | Gained mutation: You are partially covered in sharp spines. [demonic ancestry]
  3748 | D:3      | Reached XP level 6. HP: 41/48 MP: 6/6
  4109 | D:3      | Noticed Terence
  4140 | D:3      | Found a sparkling altar of Nemelex Xobeh.
  4190 | D:3      | Killed Terence
  4190 | D:3      | Reached skill level 5 in Polearms
  4571 | D:4      | Reached XP level 7. HP: 51/55 MP: 7/7
  4580 | D:4      | Found an opulent altar of Gozag.
  4670 | D:4      | Found a bloodstained altar of Trog.
  4803 | D:5      | Entered Level 5 of the Dungeon
  4822 | D:5      | Found a burning altar of Makhleb.
  5237 | D:5      | Noticed Eustachio
  5264 | D:5      | Killed Eustachio
  5264 | D:5      | Reached skill level 5 in Fighting
  5264 | D:5      | Reached skill level 5 in Shields
  5264 | D:5      | Gained mutation: You are mostly covered in sharp spines. [demonic ancestry]
  5264 | D:5      | Reached XP level 8. HP: 58/63 MP: 8/8
  5598 | D:6      | Reached skill level 6 in Polearms
  6062 | D:6      | Found a staircase to the Ecumenical Temple.
  6487 | D:7      | Reached skill level 7 in Polearms
  6655 | D:7      | Found a shadowy altar of Dithmenos.
  6662 | D:7      | Found a blossoming altar of Fedhas.
  6705 | Temple   | Entered the Ecumenical Temple
  6746 | Temple   | Became a worshipper of Yredelemnul the Dark
  6797 | D:7      | Reached skill level 1 in Invocations
  6797 | D:7      | Reached XP level 9. HP: 69/73 MP: 9/9
  6804 | D:7      | Reached skill level 8 in Polearms
  7115 | D:7      | Found a shimmering altar of Xom.
  7116 | D:7      | Found a deep blue altar of Sif Muna.
  7168 | D:7      | Found an oddly glowing altar of Pakellas.
  7168 | D:7      | Found a shattered altar of Ashenzari.
  7540 | D:8      | Reached * piety under Yredelemnul
  8241 | D:8      | Reached skill level 9 in Polearms
  8936 | D:9      | Found Nessuv Veol's Armour Shop.
  8953 | D:9      | Noticed a troll
  8965 | D:9      | Noticed a komodo dragon
  8976 | D:9      | Killed a troll
  8990 | D:9      | Found a staircase to the Lair.
  9009 | D:9      | Killed a komodo dragon
  9009 | D:9      | Reached skill level 5 in Invocations
  9121 | D:9      | Gained mutation: You have a pair of horns on your head. [demonic ancestry]
  9121 | D:9      | Reached XP level 10. HP: 67/82 MP: 13/13
  9159 | D:9      | Reached ** piety under Yredelemnul
  9883 | D:10     | Entered Level 10 of the Dungeon
  9899 | D:10     | Reached skill level 10 in Polearms
 10120 | D:10     | Found Toto's Distillery.
 10161 | D:10     | Noticed Urug
 10441 | D:10     | Killed Urug
 10730 | D:10     | Noticed Erica
 10752 | D:10     | Noticed Fannar
 11025 | D:10     | Killed Fannar
 11263 | D:10     | Killed Erica
 11315 | D:10     | Upgraded the game from 0.18-a0-1405-g73f4075 to 0.18-a0-1481-g708b138
 11350 | D:10     | Noticed Grum
 11375 | D:10     | Your ally Urug died
 11378 | D:10     | Reached skill level 11 in Polearms
 11388 | D:10     | Killed Grum
 11543 | D:10     | Your ally Erica died
 11546 | D:10     | Reached XP level 11. HP: 86/91 MP: 16/16
 11566 | D:10     | Reached *** piety under Yredelemnul
 11603 | D:10     | Found a roughly hewn altar of Beogh.
 11750 | D:10     | Received a gift from Yredelemnul
 11811 | D:10     | Noticed Sonja
 11825 | D:10     | Killed Sonja
 12194 | D:11     | Noticed a hill giant
 12208 | D:11     | Killed a hill giant
 12344 | D:11     | Noticed a hill giant
 12354 | D:11     | Killed a hill giant
 12363 | D:11     | Found a staircase to the Orcish Mines.
 12494 | D:11     | Noticed a four-headed hydra
 12507 | D:11     | Killed a four-headed hydra
 12566 | D:11     | Noticed a cyan ugly thing
 12575 | D:11     | Killed a cyan ugly thing
 12694 | D:11     | Reached skill level 12 in Polearms
 12702 | D:11     | Reached **** piety under Yredelemnul
 13016 | D:12     | Identified a scroll of acquirement
 13106 | D:12     | Reached skill level 10 in Fighting
 13157 | D:12     | Noticed a hill giant
 13173 | D:12     | Noticed a red ugly thing
 13180 | D:12     | Slain by a hill giant

Vault maps used:
D:1:      erik_arrival_triangle_small, minmay_misc_feat_pillars
D:2:      marbit_many_paths
D:3:      portal_sewer_entry_e, grunt_ministairs_12, nemelex_deck, uniq_terence,
          uniq_purgy
D:4:      bloody_trog, old_standard_altar
D:5:      lemuel_crystal_altar, first_bread, uniq_eustachio
D:6:      minmay_temple_entry_from_below_a, minmay_misc_feat_tiny
D:7:      nicolae_overflow_hidden_temple, amethyst_overflow_temple_binary
D:8:      blue_anna_alchemist, hangedman_glass_teeth
D:9:      david_lair_shrubbed, serial_shops, shop
D:10:     special_room, serial_shops, nicolae_shop_stone, uniq_grum,
          uniq_fannar, uniq_erica, uniq_urug, uniq_sonja
D:11:     orc_0_dummy
D:12:     portal_ice_cave_entry_imps, amalloy_card_club
Temple:   cyrus_temple_forest_13

Skill      XL: |  1  2  3  4  5  6  7  8  9 10 11 |
---------------+----------------------------------+-----
Polearms       | 3 4 5 7 9 11 12 | 12.4
Fighting       | 3 4 5 6 7 9 10 | 10.0
Shields        | 1 2 3 5 |  5.3
Invocations    | 1 5 7 9 |  9.9
Throwing       | |  1.7
Dodging        | |  2.6

Action                   |  1- 3 |  4- 6 |  7- 9 | 10-12 || total
-------------------------+-------+-------+-------+-------++-------
Melee: Trident           |   174 |   240 |   311 |   364 ||  1089
       Demon trident     |       |       |       |    55 ||    55
 Fire: Blowgun           |       |       |     8 |    14 ||    22
Throw: Throwing net      |       |     5 |     2 |       ||     7
       Javelin           |       |     6 |       |       ||     6
Invok: Animate Remains   |       |       |     2 |     4 ||     6
       Animate Dead      |       |       |       |     8 ||     8
       Injury Mirror     |       |       |       |     1 ||     1
       Recall Undead Sla |       |       |       |     1 ||     1
  Use: Potion            |       |     2 |       |    10 ||    12
       Scroll            |       |     2 |    12 |     6 ||    20
 Stab: Sleeping          |     1 |       |     1 |       ||     2
       Distracted        |       |       |     1 |       ||     1
  Eat: Chunk             |     4 |     8 |    13 |     7 ||    32
       Fruit             |       |       |     2 |     4 ||     6
       Meat ration       |       |       |       |     1 ||     1
